 Dungeon Crawl Stone Soup version 0.24-a0-361-g57161393b2 (webtiles) character file.

Game seed: 5285898536836984482

88 theanonym the Sneak (level 4, 0/40 HPs)
             Began as an Octopode Wizard on May 26, 2019.
             Slain by a sky beast (6 damage)
             ... on level 1 of the Dungeon.
             The game lasted 00:07:50 (3872 turns).

theanonym the Sneak (Octopode Wizard)               Turns: 3872, Time: 00:07:51

Health: 0/40       AC: 22    Str:  6    XL:     4   Next: 53%
Magic:  0/9        EV:  2    Int: 21    God:
Gold:   107        SH:  0    Dex: 15    Spells: 1/10 levels left

rFire    . . .     SeeInvis .   a - +2 dagger (flame)
rCold    . . .     Gourm    .   (no shield)
rNeg     + + +     Faith    .   (helmet currently unavailable)
rPois    +         Spirit   .   (no amulet)
rElec    .         Reflect  .   (no ring)
rCorr    .         Harm     .   (no ring)
MR       +....     NoTele   +   (no ring)
Stlth    ++++......             (no ring)
HPRegen  0.13/turn              (no ring)
MPRegen  0.11/turn              (no ring)
                                (no ring)
                                (no ring)

@: agile, tree-form (expiring)
A: almost no armour, stealthy swim, (amphibious), 8 rings, (constrict 8), magic
resistance 1
a: no special abilities


Innate Abilities, Weirdness & Mutations

You cannot wear most types of armour.
You are very stealthy in the water. (Stealth+)
((You are amphibious.))
You can wear up to eight rings at the same time.
((You can use your tentacles to constrict eight enemies at once.))
((Your skin changes colour to match your surroundings (Stealth+).))
((Your rubbery body absorbs attacks. (AC +1, EV +1)))
((You are partially covered in molten scales. (AC +2)))
You are resistant to hostile enchantments. (MR+)


   Skills:
 - Level 2.0 Dodging
 + Level 4.1 Stealth
 + Level 3.5 Spellcasting
 + Level 2.3 Conjurations
 - Level 1.0 Summonings
   Level 1.0 Translocations
 + Level 0.8 Air Magic
 + Level 1.0 Poison Magic


You had one spell level left.
You knew the following spells:

 Your Spells              Type           Power        Failure   Level  Hunger
a - Magic Dart            Conj           ##..         4%          1    None
b - Conjure Flame         Conj/Fire      #.......     24%         3    ###....
c - Call Imp              Summ           #.......     13%         2    ##.....
d - Mephitic Cloud        Conj/Pois/Air  #.......     22%         3    ###....

Your spell library contained the following spells:

 Spells                   Type           Power        Failure   Level  Hunger
 Blink                    Tloc           N/A          13%         2    ##.....
 Slow                     Hex            #.......     19%         2    ##.....

Skill      XL: |  1  2  3  4 |
---------------+-------------+-----
Stealth        | 3 4 |  4.1
Conjurations   | 2 |  2.3
Poison Magic   | 1 |  1.0
Dodging        | |  2.0
Spellcasting   | |  3.5
Summonings     | |  1.0
Translocations | |  1.0
Air Magic      | |  0.8

Action                   |  1- 3 |  4- 6 || total
-------------------------+-------+-------++-------
Melee: Unarmed           |    65 |       ||    65
       Constrict         |    23 |     4 ||    27
       Tentacles         |    10 |     1 ||    11
       Club              |    31 |       ||    31
       Short sword       |     6 |    18 ||    24
       Dagger            |       |    32 ||    32
Throw: Throwing net      |     1 |       ||     1
 Cast: Magic Dart        |    45 |     9 ||    54
       Mephitic Cloud    |     5 |     6 ||    11
       Call Imp          |       |     3 ||     3
  Use: Potion            |       |     6 ||     6
       Scroll            |       |     2 ||     2
 Stab: Sleeping          |     5 |     2 ||     7
       Confused          |     1 |     1 ||     2
  Eat: Chunk             |     4 |     1 ||     5
       Ration            |     1 |     1 ||     2
Armor: Skin              |    12 |    20 ||    32
Dodge: Dodged            |    55 |    37 ||    92

Inventory:

Hand Weapons
 a - a +2 dagger of flaming (weapon)
Armour
 d - a +0 hat (melded)
Scrolls
 h - a scroll of noise {unknown}
 i - a scroll of amnesia {unknown}
 p - a scroll of random uselessness {unknown}
Potions
 m - 2 potions of might
 q - 3 potions of heal wounds
Comestibles
 e - 4 rations


You were on level 1 of the Dungeon.
You were not hungry.
You were a tree.
You visited 1 branch of the dungeon, and saw 4 of its levels.

You collected 107 gold pieces.

Dungeon Overview and Level Annotations

Branches:
Dungeon (4/15)
 Temple: D:4-7

Altars:

###############
#.............#
#.#.......###.# ########
#.#.#####....○# #......###
#.#.# #..#○Y#######.........
#.#.#####..>5♣................
#.#........##.###.###......###
#.#........##.###.###....###
#.#.............#..).....#
#.###########.#.#####....#
#.#########...#...###....#
#.......................)####
######.#################....##
#.## ####.........####...


You could see a sky beast and a friendly crimson imp.

Notes
Turn   | Place    | Note
-------+----------+-------------------------------------------
     0 | D:1      | theanonym the Octopode Wizard began the quest for the Orb.
     0 | D:1      | Reached XP level 1. HP: 11/11 MP: 4/4
   371 | D:1      | Reached skill level 3 in Stealth
   611 | D:1      | Reached XP level 2. HP: 17/17 MP: 6/6
  1368 | D:2      | HP: 8/17 [quokka (2)]
  1566 | D:2      | Reached XP level 3. HP: 20/21 MP: 0/7
  1645 | D:2      | Noticed a sky beast
  1660 | D:1      | Reached skill level 2 in Conjurations
  1873 | D:2      | Learned a level 3 spell: Mephitic Cloud
  2158 | D:2      | HP: 10/21 [something (3)]
  2422 | D:2      | HP: 6/21 [something (5)]
  2689 | D:2      | Reached XP level 4. HP: 17/27 MP: 6/9
  2801 | D:2      | Learned a level 3 spell: Conjure Flame
  2804 | D:2      | Learned a level 2 spell: Call Imp
  2911 | D:2      | You fall into a shaft and drop 2 floors!
  3066 | D:2      | Reached skill level 4 in Stealth
  3397 | D:2      | Reached skill level 1 in Poison Magic
  3664 | D:2      | HP: 12/27 [something (5)]
  3837 | D:1      | HP: 12/27 [something (3)]
  3840 | D:1      | Gained mutation: You are resistant to hostile enchantments.
                  | (MR+) [potion of mutation]
  3840 | D:1      | Gained mutation: You are partially covered in molten
                  | scales. (AC +2) [potion of mutation]
  3867 | D:1      | HP: 15/40 [something (6)]
  3871 | D:1      | HP: 7/40 [sky beast (6)]
  3872 | D:1      | Slain by a sky beast

Vanquished Creatures
  An adder (D:2)
  3 gnolls (D:2)
  3 worms (D:2)
  A dart slug (D:2)
  A leopard gecko (D:2)
  An orc (D:3)
  A giant cockroach (D:2)
  7 goblins
  4 hobgoblins
  7 kobolds
  A quokka (D:2)
  9 bats
  2 frilled lizards (D:1)
  4 rats
45 creatures vanquished.

Table legend:
 A = Turns spent in this place as a percentage of turns spent in the entire game.
 B = Non-inter-level travel turns spent in this place as a percentage of non-inter-level travel turns spent in the entire game.
 C = Inter-level travel turns spent in this place as a percentage of turns spent in this place.
 D = Turns resting spent in this place as a percentage of non-inter-level travel turns spent in this place.
 E = Turns spent auto-exploring this place as a percentage of non-inter-level travel turns spent in this place.
 F = Non-inter-level travel turns spent in this place divided by the number of levels of this place that you've seen.
                   A       B       C       D       E      F
               +-------+-------+-------+-------+-------+----------------------
         Total | 100.0 | 100.0 |   3.7 |  46.0 |  38.2 | 932.2
       Dungeon | 100.0 | 100.0 |   3.7 |  46.0 |  38.2 | 932.2
               +-------+-------+-------+-------+-------+----------------------
